%YAML 1.1
%TAG !u! tag:unity3d.com,2011:
--- !u!1 &42723553593605963
GameObject:
  m_ObjectHideFlags: 0
  m_CorrespondingSourceObject: {fileID: 0}
  m_PrefabInstance: {fileID: 0}
  m_PrefabAsset: {fileID: 0}
  serializedVersion: 6
  m_Component:
  - component: {fileID: 3365110261527077202}
  m_Layer: 0
  m_Name: DSaddle_joint_head_tip
  m_TagString: Untagged
  m_Icon: {fileID: 0}
  m_NavMeshLayer: 0
  m_StaticEditorFlags: 0
  m_IsActive: 1
--- !u!4 &3365110261527077202
Transform:
  m_ObjectHideFlags: 0
  m_CorrespondingSourceObject: {fileID: 0}
  m_PrefabInstance: {fileID: 0}
  m_PrefabAsset: {fileID: 0}
  m_GameObject: {fileID: 42723553593605963}
  serializedVersion: 2
  m_LocalRotation: {x: 0, y: -0, z: -0, w: 1}
  m_LocalPosition: {x: -0.24051948, y: -0.044794638, z: -0.023337318}
  m_LocalScale: {x: 1, y: 1, z: 1}
  m_ConstrainProportionsScale: 0
  m_Children: []
  m_Father: {fileID: 2445066188607179683}
  m_LocalEulerAnglesHint: {x: 0, y: 0, z: 0}
--- !u!1 &1293518760521199610
GameObject:
  m_ObjectHideFlags: 0
  m_CorrespondingSourceObject: {fileID: 0}
  m_PrefabInstance: {fileID: 0}
  m_PrefabAsset: {fileID: 0}
  serializedVersion: 6
  m_Component:
  - component: {fileID: 6006840413239803652}
  m_Layer: 0
  m_Name: DSaddle_fin_r_btm__5
  m_TagString: Untagged
  m_Icon: {fileID: 0}
  m_NavMeshLayer: 0
  m_StaticEditorFlags: 0
  m_IsActive: 1
--- !u!4 &6006840413239803652
Transform:
  m_ObjectHideFlags: 0
  m_CorrespondingSourceObject: {fileID: 0}
  m_PrefabInstance: {fileID: 0}
  m_PrefabAsset: {fileID: 0}
  m_GameObject: {fileID: 1293518760521199610}
  serializedVersion: 2
  m_LocalRotation: {x: -0.00015370843, y: -0.035268538, z: -0.004355478, w: 0.99936837}
  m_LocalPosition: {x: -0.08327018, y: -0.028327737, z: -0.00003570474}
  m_LocalScale: {x: 1, y: 1, z: 1}
  m_ConstrainProportionsScale: 0
  m_Children:
  - {fileID: 5421242230882185002}
  m_Father: {fileID: 3363419003682679844}
  m_LocalEulerAnglesHint: {x: 0, y: 0, z: 0}
--- !u!1 &1591517944770978968
GameObject:
  m_ObjectHideFlags: 0
  m_CorrespondingSourceObject: {fileID: 0}
  m_PrefabInstance: {fileID: 0}
  m_PrefabAsset: {fileID: 0}
  serializedVersion: 6
  m_Component:
  - component: {fileID: 32159158469257565}
  m_Layer: 0
  m_Name: DSaddle_joint_spine_3
  m_TagString: Untagged
  m_Icon: {fileID: 0}
  m_NavMeshLayer: 0
  m_StaticEditorFlags: 0
  m_IsActive: 1
--- !u!4 &32159158469257565
Transform:
  m_ObjectHideFlags: 0
  m_CorrespondingSourceObject: {fileID: 0}
  m_PrefabInstance: {fileID: 0}
  m_PrefabAsset: {fileID: 0}
  m_GameObject: {fileID: 1591517944770978968}
  serializedVersion: 2
  m_LocalRotation: {x: -0.0067854896, y: 0.011737464, z: 0.0154663455, w: 0.99978846}
  m_LocalPosition: {x: -0.29999998, y: 0, z: 0}
  m_LocalScale: {x: 1, y: 1, z: 1}
  m_ConstrainProportionsScale: 0
  m_Children:
  - {fileID: 981320238224037473}
  m_Father: {fileID: 4366632290210897496}
  m_LocalEulerAnglesHint: {x: 0, y: 0, z: 0}
--- !u!1 &1601097321925168995
GameObject:
  m_ObjectHideFlags: 0
  m_CorrespondingSourceObject: {fileID: 0}
  m_PrefabInstance: {fileID: 0}
  m_PrefabAsset: {fileID: 0}
  serializedVersion: 6
  m_Component:
  - component: {fileID: 3496401860503248068}
  m_Layer: 0
  m_Name: DSaddle_joint_spine1
  m_TagString: Untagged
  m_Icon: {fileID: 0}
  m_NavMeshLayer: 0
  m_StaticEditorFlags: 0
  m_IsActive: 1
--- !u!4 &3496401860503248068
Transform:
  m_ObjectHideFlags: 0
  m_CorrespondingSourceObject: {fileID: 0}
  m_PrefabInstance: {fileID: 0}
  m_PrefabAsset: {fileID: 0}
  m_GameObject: {fileID: 1601097321925168995}
  serializedVersion: 2
  m_LocalRotation: {x: -0.008483403, y: -0.021945577, z: 0.011760994, w: 0.999654}
  m_LocalPosition: {x: -0.24822667, y: 0.03777317, z: 0}
  m_LocalScale: {x: 1, y: 1, z: 1}
  m_ConstrainProportionsScale: 0
  m_Children:
  - {fileID: 567332410756011089}
  - {fileID: 1328161069899341153}
  - {fileID: 6558463048631788547}
  - {fileID: 2702889418373173630}
  - {fileID: 4366632290210897496}
  m_Father: {fileID: 1886526506394648937}
  m_LocalEulerAnglesHint: {x: 0, y: 0, z: 0}
--- !u!1 &1611380923125501304
GameObject:
  m_ObjectHideFlags: 0
  m_CorrespondingSourceObject: {fileID: 0}
  m_PrefabInstance: {fileID: 0}
  m_PrefabAsset: {fileID: 0}
  serializedVersion: 6
  m_Component:
  - component: {fileID: 4390081681654439829}
  m_Layer: 0
  m_Name: DSaddle_joint29
  m_TagString: Untagged
  m_Icon: {fileID: 0}
  m_NavMeshLayer: 0
  m_StaticEditorFlags: 0
  m_IsActive: 1
--- !u!4 &4390081681654439829
Transform:
  m_ObjectHideFlags: 0
  m_CorrespondingSourceObject: {fileID: 0}
  m_PrefabInstance: {fileID: 0}
  m_PrefabAsset: {fileID: 0}
  m_GameObject: {fileID: 1611380923125501304}
  serializedVersion: 2
  m_LocalRotation: {x: -0.05839646, y: -0.70469135, z: -0.05839646, w: 0.70469135}
  m_LocalPosition: {x: 0.29320058, y: 0.029026808, z: 0}
  m_LocalScale: {x: 1, y: 1, z: 1}
  m_ConstrainProportionsScale: 0
  m_Children: []
  m_Father: {fileID: 3567323340540234596}
  m_LocalEulerAnglesHint: {x: 0, y: 0, z: 0}
--- !u!1 &1671457505276007291
GameObject:
  m_ObjectHideFlags: 0
  m_CorrespondingSourceObject: {fileID: 0}
  m_PrefabInstance: {fileID: 0}
  m_PrefabAsset: {fileID: 0}
  serializedVersion: 6
  m_Component:
  - component: {fileID: 6341432173376619997}
  m_Layer: 0
  m_Name: DSaddle_joint_root
  m_TagString: Untagged
  m_Icon: {fileID: 0}
  m_NavMeshLayer: 0
  m_StaticEditorFlags: 0
  m_IsActive: 1
--- !u!4 &6341432173376619997
Transform:
  m_ObjectHideFlags: 0
  m_CorrespondingSourceObject: {fileID: 0}
  m_PrefabInstance: {fileID: 0}
  m_PrefabAsset: {fileID: 0}
  m_GameObject: {fileID: 1671457505276007291}
  serializedVersion: 2
  m_LocalRotation: {x: 0, y: -0, z: -0, w: 1}
  m_LocalPosition: {x: -0, y: 0, z: 0}
  m_LocalScale: {x: 3, y: 3, z: 3}
  m_ConstrainProportionsScale: 0
  m_Children:
  - {fileID: 1886526506394648937}
  m_Father: {fileID: 516180370093891484}
  m_LocalEulerAnglesHint: {x: 0, y: 0, z: 0}
--- !u!1 &1934521303912358965
GameObject:
  m_ObjectHideFlags: 0
  m_CorrespondingSourceObject: {fileID: 0}
  m_PrefabInstance: {fileID: 0}
  m_PrefabAsset: {fileID: 0}
  serializedVersion: 6
  m_Component:
  - component: {fileID: 5970930742433348028}
  m_Layer: 0
  m_Name: DSaddle_joint_tail_7
  m_TagString: Untagged
  m_Icon: {fileID: 0}
  m_NavMeshLayer: 0
  m_StaticEditorFlags: 0
  m_IsActive: 1
--- !u!4 &5970930742433348028
Transform:
  m_ObjectHideFlags: 0
  m_CorrespondingSourceObject: {fileID: 0}
  m_PrefabInstance: {fileID: 0}
  m_PrefabAsset: {fileID: 0}
  m_GameObject: {fileID: 1934521303912358965}
  serializedVersion: 2
  m_LocalRotation: {x: 0.09217751, y: 0.038725745, z: 0.28087813, w: 0.9545214}
  m_LocalPosition: {x: -0.022808151, y: -0.048754696, z: 0.0049868305}
  m_LocalScale: {x: 1, y: 1, z: 1}
  m_ConstrainProportionsScale: 0
  m_Children:
  - {fileID: 4333898094286792827}
  m_Father: {fileID: 981320238224037473}
  m_LocalEulerAnglesHint: {x: 0, y: 0, z: 0}
--- !u!1 &1955988522612708426
GameObject:
  m_ObjectHideFlags: 0
  m_CorrespondingSourceObject: {fileID: 0}
  m_PrefabInstance: {fileID: 0}
  m_PrefabAsset: {fileID: 0}
  serializedVersion: 6
  m_Component:
  - component: {fileID: 211065925375288109}
  m_Layer: 0
  m_Name: DSaddle_joint_tail_4
  m_TagString: Untagged
  m_Icon: {fileID: 0}
  m_NavMeshLayer: 0
  m_StaticEditorFlags: 0
  m_IsActive: 1
--- !u!4 &211065925375288109
Transform:
  m_ObjectHideFlags: 0
  m_CorrespondingSourceObject: {fileID: 0}
  m_PrefabInstance: {fileID: 0}
  m_PrefabAsset: {fileID: 0}
  m_GameObject: {fileID: 1955988522612708426}
  serializedVersion: 2
  m_LocalRotation: {x: 0.018384198, y: 0.10518326, z: -0.01307801, w: 0.99419695}
  m_LocalPosition: {x: -0.021284336, y: 0.005059795, z: 0.006842562}
  m_LocalScale: {x: 1, y: 1, z: 1}
  m_ConstrainProportionsScale: 0
  m_Children:
  - {fileID: 4394143878500420010}
  m_Father: {fileID: 981320238224037473}
  m_LocalEulerAnglesHint: {x: 0, y: 0, z: 0}
--- !u!1 &1964004903330970837
GameObject:
  m_ObjectHideFlags: 0
  m_CorrespondingSourceObject: {fileID: 0}
  m_PrefabInstance: {fileID: 0}
  m_PrefabAsset: {fileID: 0}
  serializedVersion: 6
  m_Component:
  - component: {fileID: 1886526506394648937}
  m_Layer: 0
  m_Name: DSaddle_joint_spine_0
  m_TagString: Untagged
  m_Icon: {fileID: 0}
  m_NavMeshLayer: 0
  m_StaticEditorFlags: 0
  m_IsActive: 1
--- !u!4 &1886526506394648937
Transform:
  m_ObjectHideFlags: 0
  m_CorrespondingSourceObject: {fileID: 0}
  m_PrefabInstance: {fileID: 0}
  m_PrefabAsset: {fileID: 0}
  m_GameObject: {fileID: 1964004903330970837}
  serializedVersion: 2
  m_LocalRotation: {x: -0.020276906, y: 0.999708, z: 0.01121309, w: -0.006861779}
  m_LocalPosition: {x: 0.049755227, y: -0.038072016, z: -0.24161528}
  m_LocalScale: {x: 1, y: 1, z: 1}
  m_ConstrainProportionsScale: 0
  m_Children:
  - {fileID: 2445066188607179683}
  - {fileID: 3496401860503248068}
  m_Father: {fileID: 6341432173376619997}
  m_LocalEulerAnglesHint: {x: 0, y: 0, z: 0}
--- !u!1 &2080035740145191501
GameObject:
  m_ObjectHideFlags: 0
  m_CorrespondingSourceObject: {fileID: 0}
  m_PrefabInstance: {fileID: 0}
  m_PrefabAsset: {fileID: 0}
  serializedVersion: 6
  m_Component:
  - component: {fileID: 6369488461859272835}
  m_Layer: 0
  m_Name: DSaddle_fin_r_side__4
  m_TagString: Untagged
  m_Icon: {fileID: 0}
  m_NavMeshLayer: 0
  m_StaticEditorFlags: 0
  m_IsActive: 1
--- !u!4 &6369488461859272835
Transform:
  m_ObjectHideFlags: 0
  m_CorrespondingSourceObject: {fileID: 0}
  m_PrefabInstance: {fileID: 0}
  m_PrefabAsset: {fileID: 0}
  m_GameObject: {fileID: 2080035740145191501}
  serializedVersion: 2
  m_LocalRotation: {x: 0.05506855, y: 0.742682, z: 0.0615447, w: 0.6645323}
  m_LocalPosition: {x: -0.024438389, y: -0.017962039, z: 0.020954309}
  m_LocalScale: {x: 1, y: 1, z: 1}
  m_ConstrainProportionsScale: 0
  m_Children:
  - {fileID: 2922971563106343063}
  m_Father: {fileID: 2702889418373173630}
  m_LocalEulerAnglesHint: {x: 0, y: 0, z: 0}
--- !u!1 &2312283503125544245
GameObject:
  m_ObjectHideFlags: 0
  m_CorrespondingSourceObject: {fileID: 0}
  m_PrefabInstance: {fileID: 0}
  m_PrefabAsset: {fileID: 0}
  serializedVersion: 6
  m_Component:
  - component: {fileID: 2922971563106343063}
  m_Layer: 0
  m_Name: DSaddle_joint29
  m_TagString: Untagged
  m_Icon: {fileID: 0}
  m_NavMeshLayer: 0
  m_StaticEditorFlags: 0
  m_IsActive: 1
--- !u!4 &2922971563106343063
Transform:
  m_ObjectHideFlags: 0
  m_CorrespondingSourceObject: {fileID: 0}
  m_PrefabInstance: {fileID: 0}
  m_PrefabAsset: {fileID: 0}
  m_GameObject: {fileID: 2312283503125544245}
  serializedVersion: 2
  m_LocalRotation: {x: -0.05839646, y: -0.70469135, z: -0.05839646, w: 0.70469135}
  m_LocalPosition: {x: -0.27546698, y: 0, z: 0}
  m_LocalScale: {x: 1, y: 1, z: 1}
  m_ConstrainProportionsScale: 0
  m_Children: []
  m_Father: {fileID: 6369488461859272835}
  m_LocalEulerAnglesHint: {x: 0, y: 0, z: 0}
--- !u!1 &2367427535907373933
GameObject:
  m_ObjectHideFlags: 0
  m_CorrespondingSourceObject: {fileID: 0}
  m_PrefabInstance: {fileID: 0}
  m_PrefabAsset: {fileID: 0}
  serializedVersion: 6
  m_Component:
  - component: {fileID: 6257538478763914138}
  m_Layer: 0
  m_Name: DSaddle_joint25
  m_TagString: Untagged
  m_Icon: {fileID: 0}
  m_NavMeshLayer: 0
  m_StaticEditorFlags: 0
  m_IsActive: 1
--- !u!4 &6257538478763914138
Transform:
  m_ObjectHideFlags: 0
  m_CorrespondingSourceObject: {fileID: 0}
  m_PrefabInstance: {fileID: 0}
  m_PrefabAsset: {fileID: 0}
  m_GameObject: {fileID: 2367427535907373933}
  serializedVersion: 2
  m_LocalRotation: {x: 0.044974394, y: -0.7056751, z: 0.044974394, w: 0.7056751}
  m_LocalPosition: {x: 0.3666448, y: -0.001522754, z: 0}
  m_LocalScale: {x: 1, y: 1, z: 1}
  m_ConstrainProportionsScale: 0
  m_Children: []
  m_Father: {fileID: 1519924188342567549}
  m_LocalEulerAnglesHint: {x: 0, y: 0, z: 0}
--- !u!1 &2438314701582659054
GameObject:
  m_ObjectHideFlags: 0
  m_CorrespondingSourceObject: {fileID: 0}
  m_PrefabInstance: {fileID: 0}
  m_PrefabAsset: {fileID: 0}
  serializedVersion: 6
  m_Component:
  - component: {fileID: 613041524270619362}
  m_Layer: 0
  m_Name: DSaddle_fin_l_btm__3
  m_TagString: Untagged
  m_Icon: {fileID: 0}
  m_NavMeshLayer: 0
  m_StaticEditorFlags: 0
  m_IsActive: 1
--- !u!4 &613041524270619362
Transform:
  m_ObjectHideFlags: 0
  m_CorrespondingSourceObject: {fileID: 0}
  m_PrefabInstance: {fileID: 0}
  m_PrefabAsset: {fileID: 0}
  m_GameObject: {fileID: 2438314701582659054}
  serializedVersion: 2
  m_LocalRotation: {x: -0.00021308691, y: -0.0038309782, z: -0.05553581, w: 0.9984493}
  m_LocalPosition: {x: 0.051668163, y: 0.0043163314, z: 0.008406092}
  m_LocalScale: {x: 1, y: 1, z: 1}
  m_ConstrainProportionsScale: 0
  m_Children:
  - {fileID: 5203971147435182592}
  m_Father: {fileID: 3010931978711596250}
  m_LocalEulerAnglesHint: {x: 0, y: 0, z: 0}
--- !u!1 &2725123858558104501
GameObject:
  m_ObjectHideFlags: 0
  m_CorrespondingSourceObject: {fileID: 0}
  m_PrefabInstance: {fileID: 0}
  m_PrefabAsset: {fileID: 0}
  serializedVersion: 6
  m_Component:
  - component: {fileID: 4333898094286792827}
  m_Layer: 0
  m_Name: DSaddle_joint21
  m_TagString: Untagged
  m_Icon: {fileID: 0}
  m_NavMeshLayer: 0
  m_StaticEditorFlags: 0
  m_IsActive: 1
--- !u!4 &4333898094286792827
Transform:
  m_ObjectHideFlags: 0
  m_CorrespondingSourceObject: {fileID: 0}
  m_PrefabInstance: {fileID: 0}
  m_PrefabAsset: {fileID: 0}
  m_GameObject: {fileID: 2725123858558104501}
  serializedVersion: 2
  m_LocalRotation: {x: 0, y: -0, z: -0, w: 1}
  m_LocalPosition: {x: -0.20941414, y: -0.045665707, z: 0}
  m_LocalScale: {x: 1, y: 1, z: 1}
  m_ConstrainProportionsScale: 0
  m_Children: []
  m_Father: {fileID: 5970930742433348028}
  m_LocalEulerAnglesHint: {x: 0, y: 0, z: 0}
--- !u!1 &2811326993671826144
GameObject:
  m_ObjectHideFlags: 0
  m_CorrespondingSourceObject: {fileID: 0}
  m_PrefabInstance: {fileID: 0}
  m_PrefabAsset: {fileID: 0}
  serializedVersion: 6
  m_Component:
  - component: {fileID: 2034249017107474258}
  m_Layer: 0
  m_Name: DSaddle_joint31
  m_TagString: Untagged
  m_Icon: {fileID: 0}
  m_NavMeshLayer: 0
  m_StaticEditorFlags: 0
  m_IsActive: 1
--- !u!4 &2034249017107474258
Transform:
  m_ObjectHideFlags: 0
  m_CorrespondingSourceObject: {fileID: 0}
  m_PrefabInstance: {fileID: 0}
  m_PrefabAsset: {fileID: 0}
  m_GameObject: {fileID: 2811326993671826144}
  serializedVersion: 2
  m_LocalRotation: {x: -0.11859533, y: -0.6970905, z: -0.11859533, w: 0.6970905}
  m_LocalPosition: {x: -0.19890419, y: -0.025715727, z: 0}
  m_LocalScale: {x: 1, y: 1, z: 1}
  m_ConstrainProportionsScale: 0
  m_Children: []
  m_Father: {fileID: 6468886871949734105}
  m_LocalEulerAnglesHint: {x: 0, y: 0, z: 0}
--- !u!1 &2908669509435784703
GameObject:
  m_ObjectHideFlags: 0
  m_CorrespondingSourceObject: {fileID: 0}
  m_PrefabInstance: {fileID: 0}
  m_PrefabAsset: {fileID: 0}
  serializedVersion: 6
  m_Component:
  - component: {fileID: 2702889418373173630}
  m_Layer: 0
  m_Name: DSaddle_fin_r_side__root
  m_TagString: Untagged
  m_Icon: {fileID: 0}
  m_NavMeshLayer: 0
  m_StaticEditorFlags: 0
  m_IsActive: 1
--- !u!4 &2702889418373173630
Transform:
  m_ObjectHideFlags: 0
  m_CorrespondingSourceObject: {fileID: 0}
  m_PrefabInstance: {fileID: 0}
  m_PrefabAsset: {fileID: 0}
  m_GameObject: {fileID: 2908669509435784703}
  serializedVersion: 2
  m_LocalRotation: {x: -1.5037169e-17, y: -0.81915206, z: 1.5037169e-17, w: 0.57357645}
  m_LocalPosition: {x: -0.01621648, y: -0.09852988, z: -0.06894901}
  m_LocalScale: {x: 1, y: 1, z: 1}
  m_ConstrainProportionsScale: 0
  m_Children:
  - {fileID: 1469107428992676607}
  - {fileID: 8607882431462620738}
  - {fileID: 6369488461859272835}
  - {fileID: 6468886871949734105}
  m_Father: {fileID: 3496401860503248068}
  m_LocalEulerAnglesHint: {x: 0, y: 0, z: 0}
--- !u!1 &3522853856838639027
GameObject:
  m_ObjectHideFlags: 0
  m_CorrespondingSourceObject: {fileID: 0}
  m_PrefabInstance: {fileID: 0}
  m_PrefabAsset: {fileID: 0}
  serializedVersion: 6
  m_Component:
  - component: {fileID: 5421242230882185002}
  m_Layer: 0
  m_Name: DSaddle_fin_r_btm__6
  m_TagString: Untagged
  m_Icon: {fileID: 0}
  m_NavMeshLayer: 0
  m_StaticEditorFlags: 0
  m_IsActive: 1
--- !u!4 &5421242230882185002
Transform:
  m_ObjectHideFlags: 0
  m_CorrespondingSourceObject: {fileID: 0}
  m_PrefabInstance: {fileID: 0}
  m_PrefabAsset: {fileID: 0}
  m_GameObject: {fileID: 3522853856838639027}
  serializedVersion: 2
  m_LocalRotation: {x: 0, y: 0, z: 0.07895182, w: 0.99687845}
  m_LocalPosition: {x: -0.096440986, y: -0.0434309, z: -0.0009540106}
  m_LocalScale: {x: 1, y: 1, z: 1}
  m_ConstrainProportionsScale: 0
  m_Children: []
  m_Father: {fileID: 6006840413239803652}
  m_LocalEulerAnglesHint: {x: 0, y: 0, z: 0}
--- !u!1 &3984957008074425372
GameObject:
  m_ObjectHideFlags: 0
  m_CorrespondingSourceObject: {fileID: 0}
  m_PrefabInstance: {fileID: 0}
  m_PrefabAsset: {fileID: 0}
  serializedVersion: 6
  m_Component:
  - component: {fileID: 981320238224037473}
  m_Layer: 0
  m_Name: DSaddle_joint_tail_root
  m_TagString: Untagged
  m_Icon: {fileID: 0}
  m_NavMeshLayer: 0
  m_StaticEditorFlags: 0
  m_IsActive: 1
--- !u!4 &981320238224037473
Transform:
  m_ObjectHideFlags: 0
  m_CorrespondingSourceObject: {fileID: 0}
  m_PrefabInstance: {fileID: 0}
  m_PrefabAsset: {fileID: 0}
  m_GameObject: {fileID: 3984957008074425372}
  serializedVersion: 2
  m_LocalRotation: {x: 0, y: -0, z: -0, w: 1}
  m_LocalPosition: {x: -0.1797005, y: 0, z: 0}
  m_LocalScale: {x: 1, y: 1, z: 1}
  m_ConstrainProportionsScale: 0
  m_Children:
  - {fileID: 6366958353709707863}
  - {fileID: 7410957023277757176}
  - {fileID: 211065925375288109}
  - {fileID: 4656158841500375724}
  - {fileID: 5970930742433348028}
  m_Father: {fileID: 32159158469257565}
  m_LocalEulerAnglesHint: {x: 0, y: 0, z: 0}
--- !u!1 &4023226870647931608
GameObject:
  m_ObjectHideFlags: 0
  m_CorrespondingSourceObject: {fileID: 0}
  m_PrefabInstance: {fileID: 0}
  m_PrefabAsset: {fileID: 0}
  serializedVersion: 6
  m_Component:
  - component: {fileID: 6558463048631788547}
  m_Layer: 0
  m_Name: DSaddle_fin_r_btm__root
  m_TagString: Untagged
  m_Icon: {fileID: 0}
  m_NavMeshLayer: 0
  m_StaticEditorFlags: 0
  m_IsActive: 1
--- !u!4 &6558463048631788547
Transform:
  m_ObjectHideFlags: 0
  m_CorrespondingSourceObject: {fileID: 0}
  m_PrefabInstance: {fileID: 0}
  m_PrefabAsset: {fileID: 0}
  m_GameObject: {fileID: 4023226870647931608}
  serializedVersion: 2
  m_LocalRotation: {x: -0.26984042, y: -0.13064286, z: 0.16305415, w: 0.9399638}
  m_LocalPosition: {x: -0.0077962955, y: -0.2590564, z: -0.01012902}
  m_LocalScale: {x: 1, y: 1, z: 1}
  m_ConstrainProportionsScale: 0
  m_Children:
  - {fileID: 8644204665968806297}
  m_Father: {fileID: 3496401860503248068}
  m_LocalEulerAnglesHint: {x: 0, y: 0, z: 0}
--- !u!1 &4098983336103591926
GameObject:
  m_ObjectHideFlags: 0
  m_CorrespondingSourceObject: {fileID: 0}
  m_PrefabInstance: {fileID: 0}
  m_PrefabAsset: {fileID: 0}
  serializedVersion: 6
  m_Component:
  - component: {fileID: 4366632290210897496}
  m_Layer: 0
  m_Name: DSaddle_joint_spine2
  m_TagString: Untagged
  m_Icon: {fileID: 0}
  m_NavMeshLayer: 0
  m_StaticEditorFlags: 0
  m_IsActive: 1
--- !u!4 &4366632290210897496
Transform:
  m_ObjectHideFlags: 0
  m_CorrespondingSourceObject: {fileID: 0}
  m_PrefabInstance: {fileID: 0}
  m_PrefabAsset: {fileID: 0}
  m_GameObject: {fileID: 4098983336103591926}
  serializedVersion: 2
  m_LocalRotation: {x: -0.014520459, y: -0.013646013, z: 0.0065349997, w: 0.9997801}
  m_LocalPosition: {x: -0.29999998, y: 0, z: 0}
  m_LocalScale: {x: 1, y: 1, z: 1}
  m_ConstrainProportionsScale: 0
  m_Children:
  - {fileID: 32159158469257565}
  m_Father: {fileID: 3496401860503248068}
  m_LocalEulerAnglesHint: {x: 0, y: 0, z: 0}
--- !u!1 &4208263877702374924
GameObject:
  m_ObjectHideFlags: 0
  m_CorrespondingSourceObject: {fileID: 0}
  m_PrefabInstance: {fileID: 0}
  m_PrefabAsset: {fileID: 0}
  serializedVersion: 6
  m_Component:
  - component: {fileID: 5203971147435182592}
  m_Layer: 0
  m_Name: DSaddle_fin_l_btm__4
  m_TagString: Untagged
  m_Icon: {fileID: 0}
  m_NavMeshLayer: 0
  m_StaticEditorFlags: 0
  m_IsActive: 1
--- !u!4 &5203971147435182592
Transform:
  m_ObjectHideFlags: 0
  m_CorrespondingSourceObject: {fileID: 0}
  m_PrefabInstance: {fileID: 0}
  m_PrefabAsset: {fileID: 0}
  m_GameObject: {fileID: 4208263877702374924}
  serializedVersion: 2
  m_LocalRotation: {x: -0.0013461332, y: -0.019908352, z: -0.06744903, w: 0.9975232}
  m_LocalPosition: {x: 0.11404369, y: 0.0059199035, z: 0.012489069}
  m_LocalScale: {x: 1, y: 1, z: 1}
  m_ConstrainProportionsScale: 0
  m_Children:
  - {fileID: 7805182458677953047}
  m_Father: {fileID: 613041524270619362}
  m_LocalEulerAnglesHint: {x: 0, y: 0, z: 0}
--- !u!1 &4229044305017898386
GameObject:
  m_ObjectHideFlags: 0
  m_CorrespondingSourceObject: {fileID: 0}
  m_PrefabInstance: {fileID: 0}
  m_PrefabAsset: {fileID: 0}
  serializedVersion: 6
  m_Component:
  - component: {fileID: 7410957023277757176}
  m_Layer: 0
  m_Name: DSaddle_joint_tail_2
  m_TagString: Untagged
  m_Icon: {fileID: 0}
  m_NavMeshLayer: 0
  m_StaticEditorFlags: 0
  m_IsActive: 1
--- !u!4 &7410957023277757176
Transform:
  m_ObjectHideFlags: 0
  m_CorrespondingSourceObject: {fileID: 0}
  m_PrefabInstance: {fileID: 0}
  m_PrefabAsset: {fileID: 0}
  m_GameObject: {fileID: 4229044305017898386}
  serializedVersion: 2
  m_LocalRotation: {x: 0.011935062, y: 0.24874005, z: -0.16120788, w: 0.95498586}
  m_LocalPosition: {x: -0.015224742, y: 0.038042434, z: 0.006384876}
  m_LocalScale: {x: 1, y: 1, z: 1}
  m_ConstrainProportionsScale: 0
  m_Children:
  - {fileID: 682039329578240780}
  m_Father: {fileID: 981320238224037473}
  m_LocalEulerAnglesHint: {x: 0, y: 0, z: 0}
--- !u!1 &4479671004128231533
GameObject:
  m_ObjectHideFlags: 0
  m_CorrespondingSourceObject: {fileID: 0}
  m_PrefabInstance: {fileID: 0}
  m_PrefabAsset: {fileID: 0}
  serializedVersion: 6
  m_Component:
  - component: {fileID: 7464419192480957109}
  - component: {fileID: 9206738445402402155}
  m_Layer: 0
  m_Name: DSaddle_body
  m_TagString: Untagged
  m_Icon: {fileID: 0}
  m_NavMeshLayer: 0
  m_StaticEditorFlags: 0
  m_IsActive: 1
--- !u!4 &7464419192480957109
Transform:
  m_ObjectHideFlags: 0
  m_CorrespondingSourceObject: {fileID: 0}
  m_PrefabInstance: {fileID: 0}
  m_PrefabAsset: {fileID: 0}
  m_GameObject: {fileID: 4479671004128231533}
  serializedVersion: 2
  m_LocalRotation: {x: 0, y: -0, z: -0, w: 1}
  m_LocalPosition: {x: -0, y: 0, z: 0}
  m_LocalScale: {x: 1, y: 1, z: 1}
  m_ConstrainProportionsScale: 0
  m_Children: []
  m_Father: {fileID: 516180370093891484}
  m_LocalEulerAnglesHint: {x: 0, y: 0, z: 0}
--- !u!137 &9206738445402402155
SkinnedMeshRenderer:
  m_ObjectHideFlags: 0
  m_CorrespondingSourceObject: {fileID: 0}
  m_PrefabInstance: {fileID: 0}
  m_PrefabAsset: {fileID: 0}
  m_GameObject: {fileID: 4479671004128231533}
  m_Enabled: 1
  m_CastShadows: 1
  m_ReceiveShadows: 1
  m_DynamicOccludee: 1
  m_StaticShadowCaster: 0
  m_MotionVectors: 1
  m_LightProbeUsage: 1
  m_ReflectionProbeUsage: 1
  m_RayTracingMode: 3
  m_RayTraceProcedural: 0
  m_RenderingLayerMask: 1
  m_RendererPriority: 0
  m_Materials:
  - {fileID: 2100000, guid: 11e4dae024d1ce345a80b2cadca08413, type: 2}
  m_StaticBatchInfo:
    firstSubMesh: 0
    subMeshCount: 0
  m_StaticBatchRoot: {fileID: 0}
  m_ProbeAnchor: {fileID: 0}
  m_LightProbeVolumeOverride: {fileID: 0}
  m_ScaleInLightmap: 1
  m_ReceiveGI: 1
  m_PreserveUVs: 0
  m_IgnoreNormalsForChartDetection: 0
  m_ImportantGI: 0
  m_StitchLightmapSeams: 1
  m_SelectedEditorRenderState: 3
  m_MinimumChartSize: 4
  m_AutoUVMaxDistance: 0.5
  m_AutoUVMaxAngle: 89
  m_LightmapParameters: {fileID: 0}
  m_SortingLayerID: 0
  m_SortingLayer: 0
  m_SortingOrder: 0
  serializedVersion: 2
  m_Quality: 0
  m_UpdateWhenOffscreen: 0
  m_SkinnedMotionVectors: 1
  m_Mesh: {fileID: -2210796856492054311, guid: e556e3fdd7f805c4d89cdf77622a80d3, type: 3}
  m_Bones:
  - {fileID: 3496401860503248068}
  - {fileID: 4366632290210897496}
  - {fileID: 32159158469257565}
  - {fileID: 981320238224037473}
  - {fileID: 211065925375288109}
  - {fileID: 7410957023277757176}
  - {fileID: 6366958353709707863}
  - {fileID: 4656158841500375724}
  - {fileID: 5970930742433348028}
  - {fileID: 2445066188607179683}
  m_BlendShapeWeights: []
  m_RootBone: {fileID: 3496401860503248068}
  m_AABB:
    m_Center: {x: -0.2954543, y: 0.023907766, z: 0.016359314}
    m_Extent: {x: 0.6617708, y: 0.44565272, z: 0.18193041}
  m_DirtyAABB: 0
--- !u!1 &4492748083470829214
GameObject:
  m_ObjectHideFlags: 0
  m_CorrespondingSourceObject: {fileID: 0}
  m_PrefabInstance: {fileID: 0}
  m_PrefabAsset: {fileID: 0}
  serializedVersion: 6
  m_Component:
  - component: {fileID: 5087539808509074709}
  m_Layer: 0
  m_Name: DSaddle_joint23
  m_TagString: Untagged
  m_Icon: {fileID: 0}
  m_NavMeshLayer: 0
  m_StaticEditorFlags: 0
  m_IsActive: 1
--- !u!4 &5087539808509074709
Transform:
  m_ObjectHideFlags: 0
  m_CorrespondingSourceObject: {fileID: 0}
  m_PrefabInstance: {fileID: 0}
  m_PrefabAsset: {fileID: 0}
  m_GameObject: {fileID: 4492748083470829214}
  serializedVersion: 2
  m_LocalRotation: {x: 0.09840185, y: -0.7002265, z: 0.09840185, w: 0.7002265}
  m_LocalPosition: {x: 0.40639144, y: -0.0050116917, z: 0}
  m_LocalScale: {x: 1, y: 1, z: 1}
  m_ConstrainProportionsScale: 0
  m_Children: []
  m_Father: {fileID: 8982110394030143088}
  m_LocalEulerAnglesHint: {x: 0, y: 0, z: 0}
--- !u!1 &4940215070478840837
GameObject:
  m_ObjectHideFlags: 0
  m_CorrespondingSourceObject: {fileID: 0}
  m_PrefabInstance: {fileID: 0}
  m_PrefabAsset: {fileID: 0}
  serializedVersion: 6
  m_Component:
  - component: {fileID: 1469107428992676607}
  m_Layer: 0
  m_Name: DSaddle_fin_r_side__0
  m_TagString: Untagged
  m_Icon: {fileID: 0}
  m_NavMeshLayer: 0
  m_StaticEditorFlags: 0
  m_IsActive: 1
--- !u!4 &1469107428992676607
Transform:
  m_ObjectHideFlags: 0
  m_CorrespondingSourceObject: {fileID: 0}
  m_PrefabInstance: {fileID: 0}
  m_PrefabAsset: {fileID: 0}
  m_GameObject: {fileID: 4940215070478840837}
  serializedVersion: 2
  m_LocalRotation: {x: -0.08722293, y: 0.77161795, z: -0.10843435, w: 0.62067693}
  m_LocalPosition: {x: -0.024346398, y: 0.045240477, z: 0.021579899}
  m_LocalScale: {x: 1, y: 1, z: 1}
  m_ConstrainProportionsScale: 0
  m_Children:
  - {fileID: 4537910027304730890}
  m_Father: {fileID: 2702889418373173630}
  m_LocalEulerAnglesHint: {x: 0, y: 0, z: 0}
--- !u!1 &5041080071981963237
GameObject:
  m_ObjectHideFlags: 0
  m_CorrespondingSourceObject: {fileID: 0}
  m_PrefabInstance: {fileID: 0}
  m_PrefabAsset: {fileID: 0}
  serializedVersion: 6
  m_Component:
  - component: {fileID: 3567323340540234596}
  m_Layer: 0
  m_Name: DSaddle_fin_l_side__4
  m_TagString: Untagged
  m_Icon: {fileID: 0}
  m_NavMeshLayer: 0
  m_StaticEditorFlags: 0
  m_IsActive: 1
--- !u!4 &3567323340540234596
Transform:
  m_ObjectHideFlags: 0
  m_CorrespondingSourceObject: {fileID: 0}
  m_PrefabInstance: {fileID: 0}
  m_PrefabAsset: {fileID: 0}
  m_GameObject: {fileID: 5041080071981963237}
  serializedVersion: 2
  m_LocalRotation: {x: 0.05506855, y: 0.742682, z: 0.0615447, w: 0.6645323}
  m_LocalPosition: {x: 0.015437389, y: 0.018930577, z: -0.026758717}
  m_LocalScale: {x: 1, y: 1, z: 1}
  m_ConstrainProportionsScale: 0
  m_Children:
  - {fileID: 4390081681654439829}
  m_Father: {fileID: 1328161069899341153}
  m_LocalEulerAnglesHint: {x: 0, y: 0, z: 0}
--- !u!1 &5141786266181412460
GameObject:
  m_ObjectHideFlags: 0
  m_CorrespondingSourceObject: {fileID: 0}
  m_PrefabInstance: {fileID: 0}
  m_PrefabAsset: {fileID: 0}
  serializedVersion: 6
  m_Component:
  - component: {fileID: 4551621499961833386}
  m_Layer: 0
  m_Name: DSaddle_joint25
  m_TagString: Untagged
  m_Icon: {fileID: 0}
  m_NavMeshLayer: 0
  m_StaticEditorFlags: 0
  m_IsActive: 1
--- !u!4 &4551621499961833386
Transform:
  m_ObjectHideFlags: 0
  m_CorrespondingSourceObject: {fileID: 0}
  m_PrefabInstance: {fileID: 0}
  m_PrefabAsset: {fileID: 0}
  m_GameObject: {fileID: 5141786266181412460}
  serializedVersion: 2
  m_LocalRotation: {x: 0.044974394, y: -0.7056751, z: 0.044974394, w: 0.7056751}
  m_LocalPosition: {x: -0.3666448, y: 0.0015228789, z: 0}
  m_LocalScale: {x: 1, y: 1, z: 1}
  m_ConstrainProportionsScale: 0
  m_Children: []
  m_Father: {fileID: 8607882431462620738}
  m_LocalEulerAnglesHint: {x: 0, y: 0, z: 0}
--- !u!1 &5220991799821272609
GameObject:
  m_ObjectHideFlags: 0
  m_CorrespondingSourceObject: {fileID: 0}
  m_PrefabInstance: {fileID: 0}
  m_PrefabAsset: {fileID: 0}
  serializedVersion: 6
  m_Component:
  - component: {fileID: 554867069878095175}
  m_Layer: 0
  m_Name: DSaddle_fin_r_btm__3
  m_TagString: Untagged
  m_Icon: {fileID: 0}
  m_NavMeshLayer: 0
  m_StaticEditorFlags: 0
  m_IsActive: 1
--- !u!4 &554867069878095175
Transform:
  m_ObjectHideFlags: 0
  m_CorrespondingSourceObject: {fileID: 0}
  m_PrefabInstance: {fileID: 0}
  m_PrefabAsset: {fileID: 0}
  m_GameObject: {fileID: 5220991799821272609}
  serializedVersion: 2
  m_LocalRotation: {x: -0.003175402, y: -0.048717476, z: -0.06496436, w: 0.9966926}
  m_LocalPosition: {x: -0.051766768, y: -0.004497051, z: -0.0063863057}
  m_LocalScale: {x: 1, y: 1, z: 1}
  m_ConstrainProportionsScale: 0
  m_Children:
  - {fileID: 3363419003682679844}
  m_Father: {fileID: 8644204665968806297}
  m_LocalEulerAnglesHint: {x: 0, y: 0, z: 0}
--- !u!1 &5620137183355777057
GameObject:
  m_ObjectHideFlags: 0
  m_CorrespondingSourceObject: {fileID: 0}
  m_PrefabInstance: {fileID: 0}
  m_PrefabAsset: {fileID: 0}
  serializedVersion: 6
  m_Component:
  - component: {fileID: 3010931978711596250}
  m_Layer: 0
  m_Name: DSaddle_fin_l_btm__2
  m_TagString: Untagged
  m_Icon: {fileID: 0}
  m_NavMeshLayer: 0
  m_StaticEditorFlags: 0
  m_IsActive: 1
--- !u!4 &3010931978711596250
Transform:
  m_ObjectHideFlags: 0
  m_CorrespondingSourceObject: {fileID: 0}
  m_PrefabInstance: {fileID: 0}
  m_PrefabAsset: {fileID: 0}
  m_GameObject: {fileID: 5620137183355777057}
  serializedVersion: 2
  m_LocalRotation: {x: 0.0035097504, y: 0.043827813, z: -0.0797477, w: 0.9958449}
  m_LocalPosition: {x: 0.043329112, y: -0.0011244862, z: 0.011077501}
  m_LocalScale: {x: 1, y: 1, z: 1}
  m_ConstrainProportionsScale: 0
  m_Children:
  - {fileID: 613041524270619362}
  m_Father: {fileID: 567332410756011089}
  m_LocalEulerAnglesHint: {x: 0, y: 0, z: 0}
--- !u!1 &5715487004378292856
GameObject:
  m_ObjectHideFlags: 0
  m_CorrespondingSourceObject: {fileID: 0}
  m_PrefabInstance: {fileID: 0}
  m_PrefabAsset: {fileID: 0}
  serializedVersion: 6
  m_Component:
  - component: {fileID: 8607882431462620738}
  m_Layer: 0
  m_Name: DSaddle_fin_r_side__2
  m_TagString: Untagged
  m_Icon: {fileID: 0}
  m_NavMeshLayer: 0
  m_StaticEditorFlags: 0
  m_IsActive: 1
--- !u!4 &8607882431462620738
Transform:
  m_ObjectHideFlags: 0
  m_CorrespondingSourceObject: {fileID: 0}
  m_PrefabInstance: {fileID: 0}
  m_PrefabAsset: {fileID: 0}
  m_GameObject: {fileID: 5715487004378292856}
  serializedVersion: 2
  m_LocalRotation: {x: -0.039278798, y: 0.78493285, z: -0.050025642, w: 0.6163077}
  m_LocalPosition: {x: -0.02383462, y: 0.017670428, z: 0.023576329}
  m_LocalScale: {x: 1, y: 1, z: 1}
  m_ConstrainProportionsScale: 0
  m_Children:
  - {fileID: 4551621499961833386}
  m_Father: {fileID: 2702889418373173630}
  m_LocalEulerAnglesHint: {x: 0, y: 0, z: 0}
--- !u!1 &5759968722257921564
GameObject:
  m_ObjectHideFlags: 0
  m_CorrespondingSourceObject: {fileID: 0}
  m_PrefabInstance: {fileID: 0}
  m_PrefabAsset: {fileID: 0}
  serializedVersion: 6
  m_Component:
  - component: {fileID: 1519924188342567549}
  m_Layer: 0
  m_Name: DSaddle_fin_l_side__2
  m_TagString: Untagged
  m_Icon: {fileID: 0}
  m_NavMeshLayer: 0
  m_StaticEditorFlags: 0
  m_IsActive: 1
--- !u!4 &1519924188342567549
Transform:
  m_ObjectHideFlags: 0
  m_CorrespondingSourceObject: {fileID: 0}
  m_PrefabInstance: {fileID: 0}
  m_PrefabAsset: {fileID: 0}
  m_GameObject: {fileID: 5759968722257921564}
  serializedVersion: 2
  m_LocalRotation: {x: -0.039278798, y: 0.78493285, z: -0.050025642, w: 0.6163077}
  m_LocalPosition: {x: 0.015608137, y: -0.01837126, z: -0.029053578}
  m_LocalScale: {x: 1, y: 1, z: 1}
  m_ConstrainProportionsScale: 0
  m_Children:
  - {fileID: 6257538478763914138}
  m_Father: {fileID: 1328161069899341153}
  m_LocalEulerAnglesHint: {x: 0, y: 0, z: 0}
--- !u!1 &5866407233924512340
GameObject:
  m_ObjectHideFlags: 0
  m_CorrespondingSourceObject: {fileID: 0}
  m_PrefabInstance: {fileID: 0}
  m_PrefabAsset: {fileID: 0}
  serializedVersion: 6
  m_Component:
  - component: {fileID: 7840762984846986399}
  m_Layer: 0
  m_Name: DSaddle_fin_l_side__6
  m_TagString: Untagged
  m_Icon: {fileID: 0}
  m_NavMeshLayer: 0
  m_StaticEditorFlags: 0
  m_IsActive: 1
--- !u!4 &7840762984846986399
Transform:
  m_ObjectHideFlags: 0
  m_CorrespondingSourceObject: {fileID: 0}
  m_PrefabInstance: {fileID: 0}
  m_PrefabAsset: {fileID: 0}
  m_GameObject: {fileID: 5866407233924512340}
  serializedVersion: 2
  m_LocalRotation: {x: 0.12319451, y: 0.66896534, z: 0.11381043, w: 0.7241241}
  m_LocalPosition: {x: 0.015098867, y: 0.042476248, z: -0.018188406}
  m_LocalScale: {x: 1, y: 1, z: 1}
  m_ConstrainProportionsScale: 0
  m_Children:
  - {fileID: 1450875997487356135}
  m_Father: {fileID: 1328161069899341153}
  m_LocalEulerAnglesHint: {x: 0, y: 0, z: 0}
--- !u!1 &5899941537104857281
GameObject:
  m_ObjectHideFlags: 0
  m_CorrespondingSourceObject: {fileID: 0}
  m_PrefabInstance: {fileID: 0}
  m_PrefabAsset: {fileID: 0}
  serializedVersion: 6
  m_Component:
  - component: {fileID: 8982110394030143088}
  m_Layer: 0
  m_Name: DSaddle_fin_l_side__0
  m_TagString: Untagged
  m_Icon: {fileID: 0}
  m_NavMeshLayer: 0
  m_StaticEditorFlags: 0
  m_IsActive: 1
--- !u!4 &8982110394030143088
Transform:
  m_ObjectHideFlags: 0
  m_CorrespondingSourceObject: {fileID: 0}
  m_PrefabInstance: {fileID: 0}
  m_PrefabAsset: {fileID: 0}
  m_GameObject: {fileID: 5899941537104857281}
  serializedVersion: 2
  m_LocalRotation: {x: -0.08722293, y: 0.77161795, z: -0.10843435, w: 0.62067693}
  m_LocalPosition: {x: 0.015210048, y: -0.045353606, z: -0.021975012}
  m_LocalScale: {x: 1, y: 1, z: 1}
  m_ConstrainProportionsScale: 0
  m_Children:
  - {fileID: 5087539808509074709}
  m_Father: {fileID: 1328161069899341153}
  m_LocalEulerAnglesHint: {x: 0, y: 0, z: 0}
--- !u!1 &6212113842011791079
GameObject:
  m_ObjectHideFlags: 0
  m_CorrespondingSourceObject: {fileID: 0}
  m_PrefabInstance: {fileID: 0}
  m_PrefabAsset: {fileID: 0}
  serializedVersion: 6
  m_Component:
  - component: {fileID: 2445066188607179683}
  m_Layer: 0
  m_Name: DSaddle_joint_head
  m_TagString: Untagged
  m_Icon: {fileID: 0}
  m_NavMeshLayer: 0
  m_StaticEditorFlags: 0
  m_IsActive: 1
--- !u!4 &2445066188607179683
Transform:
  m_ObjectHideFlags: 0
  m_CorrespondingSourceObject: {fileID: 0}
  m_PrefabInstance: {fileID: 0}
  m_PrefabAsset: {fileID: 0}
  m_GameObject: {fileID: 6212113842011791079}
  serializedVersion: 2
  m_LocalRotation: {x: -0.02833393, y: 0.9971717, z: 0.022416359, w: -0.06590403}
  m_LocalPosition: {x: -0.24375719, y: 0.03133538, z: -0.0011549379}
  m_LocalScale: {x: 1, y: 1, z: 1}
  m_ConstrainProportionsScale: 0
  m_Children:
  - {fileID: 3365110261527077202}
  m_Father: {fileID: 1886526506394648937}
  m_LocalEulerAnglesHint: {x: 0, y: 0, z: 0}
--- !u!1 &6432291820382184177
GameObject:
  m_ObjectHideFlags: 0
  m_CorrespondingSourceObject: {fileID: 0}
  m_PrefabInstance: {fileID: 0}
  m_PrefabAsset: {fileID: 0}
  serializedVersion: 6
  m_Component:
  - component: {fileID: 6167162343781963109}
  m_Layer: 0
  m_Name: DSaddle_fin_l_btm__6
  m_TagString: Untagged
  m_Icon: {fileID: 0}
  m_NavMeshLayer: 0
  m_StaticEditorFlags: 0
  m_IsActive: 1
--- !u!4 &6167162343781963109
Transform:
  m_ObjectHideFlags: 0
  m_CorrespondingSourceObject: {fileID: 0}
  m_PrefabInstance: {fileID: 0}
  m_PrefabAsset: {fileID: 0}
  m_GameObject: {fileID: 6432291820382184177}
  serializedVersion: 2
  m_LocalRotation: {x: 0, y: 0, z: 0.07895182, w: 0.99687845}
  m_LocalPosition: {x: 0.09661817, y: 0.04336315, z: 0.002119507}
  m_LocalScale: {x: 1, y: 1, z: 1}
  m_ConstrainProportionsScale: 0
  m_Children: []
  m_Father: {fileID: 7805182458677953047}
  m_LocalEulerAnglesHint: {x: 0, y: 0, z: 0}
--- !u!1 &6676202590874706380
GameObject:
  m_ObjectHideFlags: 0
  m_CorrespondingSourceObject: {fileID: 0}
  m_PrefabInstance: {fileID: 0}
  m_PrefabAsset: {fileID: 0}
  serializedVersion: 6
  m_Component:
  - component: {fileID: 7805182458677953047}
  m_Layer: 0
  m_Name: DSaddle_fin_l_btm__5
  m_TagString: Untagged
  m_Icon: {fileID: 0}
  m_NavMeshLayer: 0
  m_StaticEditorFlags: 0
  m_IsActive: 1
--- !u!4 &7805182458677953047
Transform:
  m_ObjectHideFlags: 0
  m_CorrespondingSourceObject: {fileID: 0}
  m_PrefabInstance: {fileID: 0}
  m_PrefabAsset: {fileID: 0}
  m_GameObject: {fileID: 6676202590874706380}
  serializedVersion: 2
  m_LocalRotation: {x: 0.00092844095, y: -0.044709668, z: 0.020740757, w: 0.9987843}
  m_LocalPosition: {x: 0.084121235, y: 0.028264157, z: 0.0028369636}
  m_LocalScale: {x: 1, y: 1, z: 1}
  m_ConstrainProportionsScale: 0
  m_Children:
  - {fileID: 6167162343781963109}
  m_Father: {fileID: 5203971147435182592}
  m_LocalEulerAnglesHint: {x: 0, y: 0, z: 0}
--- !u!1 &6702728564062348754
GameObject:
  m_ObjectHideFlags: 0
  m_CorrespondingSourceObject: {fileID: 0}
  m_PrefabInstance: {fileID: 0}
  m_PrefabAsset: {fileID: 0}
  serializedVersion: 6
  m_Component:
  - component: {fileID: 5280349662988894591}
  m_Layer: 0
  m_Name: DSaddle_joint15
  m_TagString: Untagged
  m_Icon: {fileID: 0}
  m_NavMeshLayer: 0
  m_StaticEditorFlags: 0
  m_IsActive: 1
--- !u!4 &5280349662988894591
Transform:
  m_ObjectHideFlags: 0
  m_CorrespondingSourceObject: {fileID: 0}
  m_PrefabInstance: {fileID: 0}
  m_PrefabAsset: {fileID: 0}
  m_GameObject: {fileID: 6702728564062348754}
  serializedVersion: 2
  m_LocalRotation: {x: 0, y: -0, z: -0, w: 1}
  m_LocalPosition: {x: -0.20574473, y: 0.08347466, z: 0}
  m_LocalScale: {x: 1, y: 1, z: 1}
  m_ConstrainProportionsScale: 0
  m_Children: []
  m_Father: {fileID: 6366958353709707863}
  m_LocalEulerAnglesHint: {x: 0, y: 0, z: 0}
--- !u!1 &7128962654944584961
GameObject:
  m_ObjectHideFlags: 0
  m_CorrespondingSourceObject: {fileID: 0}
  m_PrefabInstance: {fileID: 0}
  m_PrefabAsset: {fileID: 0}
  serializedVersion: 6
  m_Component:
  - component: {fileID: 5791023976029600202}
  - component: {fileID: 6501281516933185587}
  m_Layer: 0
  m_Name: DSaddle_fins
  m_TagString: Untagged
  m_Icon: {fileID: 0}
  m_NavMeshLayer: 0
  m_StaticEditorFlags: 0
  m_IsActive: 1
--- !u!4 &5791023976029600202
Transform:
  m_ObjectHideFlags: 0
  m_CorrespondingSourceObject: {fileID: 0}
  m_PrefabInstance: {fileID: 0}
  m_PrefabAsset: {fileID: 0}
  m_GameObject: {fileID: 7128962654944584961}
  serializedVersion: 2
  m_LocalRotation: {x: 0, y: -0, z: -0, w: 1}
  m_LocalPosition: {x: -0, y: 0, z: 0}
  m_LocalScale: {x: 1, y: 1, z: 1}
  m_ConstrainProportionsScale: 0
  m_Children: []
  m_Father: {fileID: 516180370093891484}
  m_LocalEulerAnglesHint: {x: 0, y: 0, z: 0}
--- !u!137 &6501281516933185587
SkinnedMeshRenderer:
  m_ObjectHideFlags: 0
  m_CorrespondingSourceObject: {fileID: 0}
  m_PrefabInstance: {fileID: 0}
  m_PrefabAsset: {fileID: 0}
  m_GameObject: {fileID: 7128962654944584961}
  m_Enabled: 1
  m_CastShadows: 1
  m_ReceiveShadows: 1
  m_DynamicOccludee: 1
  m_StaticShadowCaster: 0
  m_MotionVectors: 1
  m_LightProbeUsage: 1
  m_ReflectionProbeUsage: 1
  m_RayTracingMode: 3
  m_RayTraceProcedural: 0
  m_RenderingLayerMask: 1
  m_RendererPriority: 0
  m_Materials:
  - {fileID: 2100000, guid: 86cec6c5f59b4b843b8a5bb6c3f55455, type: 2}
  m_StaticBatchInfo:
    firstSubMesh: 0
    subMeshCount: 0
  m_StaticBatchRoot: {fileID: 0}
  m_ProbeAnchor: {fileID: 0}
  m_LightProbeVolumeOverride: {fileID: 0}
  m_ScaleInLightmap: 1
  m_ReceiveGI: 1
  m_PreserveUVs: 0
  m_IgnoreNormalsForChartDetection: 0
  m_ImportantGI: 0
  m_StitchLightmapSeams: 1
  m_SelectedEditorRenderState: 3
  m_MinimumChartSize: 4
  m_AutoUVMaxDistance: 0.5
  m_AutoUVMaxAngle: 89
  m_LightmapParameters: {fileID: 0}
  m_SortingLayerID: 0
  m_SortingLayer: 0
  m_SortingOrder: 0
  serializedVersion: 2
  m_Quality: 0
  m_UpdateWhenOffscreen: 0
  m_SkinnedMotionVectors: 1
  m_Mesh: {fileID: -8802954049489498254, guid: e556e3fdd7f805c4d89cdf77622a80d3, type: 3}
  m_Bones:
  - {fileID: 32159158469257565}
  - {fileID: 981320238224037473}
  - {fileID: 211065925375288109}
  - {fileID: 7410957023277757176}
  - {fileID: 6366958353709707863}
  - {fileID: 4656158841500375724}
  - {fileID: 5970930742433348028}
  - {fileID: 6558463048631788547}
  - {fileID: 8644204665968806297}
  - {fileID: 554867069878095175}
  - {fileID: 3363419003682679844}
  - {fileID: 6006840413239803652}
  - {fileID: 5421242230882185002}
  - {fileID: 567332410756011089}
  - {fileID: 3010931978711596250}
  - {fileID: 613041524270619362}
  - {fileID: 5203971147435182592}
  - {fileID: 7805182458677953047}
  - {fileID: 6167162343781963109}
  - {fileID: 2702889418373173630}
  - {fileID: 1469107428992676607}
  - {fileID: 8607882431462620738}
  - {fileID: 6369488461859272835}
  - {fileID: 6468886871949734105}
  - {fileID: 1328161069899341153}
  - {fileID: 8982110394030143088}
  - {fileID: 1519924188342567549}
  - {fileID: 3567323340540234596}
  - {fileID: 7840762984846986399}
  m_BlendShapeWeights: []
  m_RootBone: {fileID: 32159158469257565}
  m_AABB:
    m_Center: {x: 0.100221604, y: -0.08722229, z: 0.001458779}
    m_Extent: {x: 0.5064081, y: 0.3245858, z: 0.24891214}
  m_DirtyAABB: 0
--- !u!1 &7137472267292814221
GameObject:
  m_ObjectHideFlags: 0
  m_CorrespondingSourceObject: {fileID: 0}
  m_PrefabInstance: {fileID: 0}
  m_PrefabAsset: {fileID: 0}
  serializedVersion: 6
  m_Component:
  - component: {fileID: 8644204665968806297}
  m_Layer: 0
  m_Name: DSaddle_fin_r_btm__2
  m_TagString: Untagged
  m_Icon: {fileID: 0}
  m_NavMeshLayer: 0
  m_StaticEditorFlags: 0
  m_IsActive: 1
--- !u!4 &8644204665968806297
Transform:
  m_ObjectHideFlags: 0
  m_CorrespondingSourceObject: {fileID: 0}
  m_PrefabInstance: {fileID: 0}
  m_PrefabAsset: {fileID: 0}
  m_GameObject: {fileID: 7137472267292814221}
  serializedVersion: 2
  m_LocalRotation: {x: 0.004337843, y: 0.043753613, z: -0.09856342, w: 0.994159}
  m_LocalPosition: {x: -0.04363018, y: 0.0008878727, z: -0.008113768}
  m_LocalScale: {x: 1, y: 1, z: 1}
  m_ConstrainProportionsScale: 0
  m_Children:
  - {fileID: 554867069878095175}
  m_Father: {fileID: 6558463048631788547}
  m_LocalEulerAnglesHint: {x: 0, y: 0, z: 0}
--- !u!1 &7154391327618807105
GameObject:
  m_ObjectHideFlags: 0
  m_CorrespondingSourceObject: {fileID: 0}
  m_PrefabInstance: {fileID: 0}
  m_PrefabAsset: {fileID: 0}
  serializedVersion: 6
  m_Component:
  - component: {fileID: 516180370093891484}
  - component: {fileID: 6924019427456376581}
  m_Layer: 0
  m_Name: DoubleSaddle
  m_TagString: Untagged
  m_Icon: {fileID: 0}
  m_NavMeshLayer: 0
  m_StaticEditorFlags: 0
  m_IsActive: 1
--- !u!4 &516180370093891484
Transform:
  m_ObjectHideFlags: 0
  m_CorrespondingSourceObject: {fileID: 0}
  m_PrefabInstance: {fileID: 0}
  m_PrefabAsset: {fileID: 0}
  m_GameObject: {fileID: 7154391327618807105}
  serializedVersion: 2
  m_LocalRotation: {x: -0, y: 0.6938747, z: -0, w: 0.7200958}
  m_LocalPosition: {x: 3.94, y: 0.69943, z: 3.7}
  m_LocalScale: {x: 4.1274405, y: 4.1274414, z: 4.1274405}
  m_ConstrainProportionsScale: 0
  m_Children:
  - {fileID: 7464419192480957109}
  - {fileID: 5791023976029600202}
  - {fileID: 6341432173376619997}
  m_Father: {fileID: 7910523877685930196}
  m_LocalEulerAnglesHint: {x: 0, y: 87.875, z: 0}
--- !u!95 &6924019427456376581
Animator:
  serializedVersion: 5
  m_ObjectHideFlags: 0
  m_CorrespondingSourceObject: {fileID: 0}
  m_PrefabInstance: {fileID: 0}
  m_PrefabAsset: {fileID: 0}
  m_GameObject: {fileID: 7154391327618807105}
  m_Enabled: 1
  m_Avatar: {fileID: 0}
  m_Controller: {fileID: 9100000, guid: 751948af1789b864088dd78372700a74, type: 2}
  m_CullingMode: 0
  m_UpdateMode: 0
  m_ApplyRootMotion: 0
  m_LinearVelocityBlending: 0
  m_StabilizeFeet: 0
  m_WarningMessage: 
  m_HasTransformHierarchy: 1
  m_AllowConstantClipSamplingOptimization: 1
  m_KeepAnimatorStateOnDisable: 0
  m_WriteDefaultValuesOnDisable: 0
--- !u!1 &7201804338180484179
GameObject:
  m_ObjectHideFlags: 0
  m_CorrespondingSourceObject: {fileID: 0}
  m_PrefabInstance: {fileID: 0}
  m_PrefabAsset: {fileID: 0}
  serializedVersion: 6
  m_Component:
  - component: {fileID: 1450875997487356135}
  m_Layer: 0
  m_Name: DSaddle_joint31
  m_TagString: Untagged
  m_Icon: {fileID: 0}
  m_NavMeshLayer: 0
  m_StaticEditorFlags: 0
  m_IsActive: 1
--- !u!4 &1450875997487356135
Transform:
  m_ObjectHideFlags: 0
  m_CorrespondingSourceObject: {fileID: 0}
  m_PrefabInstance: {fileID: 0}
  m_PrefabAsset: {fileID: 0}
  m_GameObject: {fileID: 7201804338180484179}
  serializedVersion: 2
  m_LocalRotation: {x: -0.11859533, y: -0.6970905, z: -0.11859533, w: 0.6970905}
  m_LocalPosition: {x: 0.19890408, y: 0.02571581, z: 0}
  m_LocalScale: {x: 1, y: 1, z: 1}
  m_ConstrainProportionsScale: 0
  m_Children: []
  m_Father: {fileID: 7840762984846986399}
  m_LocalEulerAnglesHint: {x: 0, y: 0, z: 0}
--- !u!1 &7511725085896909570
GameObject:
  m_ObjectHideFlags: 0
  m_CorrespondingSourceObject: {fileID: 0}
  m_PrefabInstance: {fileID: 0}
  m_PrefabAsset: {fileID: 0}
  serializedVersion: 6
  m_Component:
  - component: {fileID: 3363419003682679844}
  m_Layer: 0
  m_Name: DSaddle_fin_r_btm__4
  m_TagString: Untagged
  m_Icon: {fileID: 0}
  m_NavMeshLayer: 0
  m_StaticEditorFlags: 0
  m_IsActive: 1
--- !u!4 &3363419003682679844
Transform:
  m_ObjectHideFlags: 0
  m_CorrespondingSourceObject: {fileID: 0}
  m_PrefabInstance: {fileID: 0}
  m_PrefabAsset: {fileID: 0}
  m_GameObject: {fileID: 7511725085896909570}
  serializedVersion: 2
  m_LocalRotation: {x: -0.0024245623, y: -0.042707495, z: -0.056628212, w: 0.99747854}
  m_LocalPosition: {x: -0.11318759, y: -0.0067669516, z: -0.003398824}
  m_LocalScale: {x: 1, y: 1, z: 1}
  m_ConstrainProportionsScale: 0
  m_Children:
  - {fileID: 6006840413239803652}
  m_Father: {fileID: 554867069878095175}
  m_LocalEulerAnglesHint: {x: 0, y: 0, z: 0}
--- !u!1 &7822117392159470021
GameObject:
  m_ObjectHideFlags: 0
  m_CorrespondingSourceObject: {fileID: 0}
  m_PrefabInstance: {fileID: 0}
  m_PrefabAsset: {fileID: 0}
  serializedVersion: 6
  m_Component:
  - component: {fileID: 682039329578240780}
  m_Layer: 0
  m_Name: DSaddle_joint13
  m_TagString: Untagged
  m_Icon: {fileID: 0}
  m_NavMeshLayer: 0
  m_StaticEditorFlags: 0
  m_IsActive: 1
--- !u!4 &682039329578240780
Transform:
  m_ObjectHideFlags: 0
  m_CorrespondingSourceObject: {fileID: 0}
  m_PrefabInstance: {fileID: 0}
  m_PrefabAsset: {fileID: 0}
  m_GameObject: {fileID: 7822117392159470021}
  serializedVersion: 2
  m_LocalRotation: {x: 0, y: -0, z: -0, w: 1}
  m_LocalPosition: {x: -0.20867112, y: 0.03772804, z: 0}
  m_LocalScale: {x: 1, y: 1, z: 1}
  m_ConstrainProportionsScale: 0
  m_Children: []
  m_Father: {fileID: 7410957023277757176}
  m_LocalEulerAnglesHint: {x: 0, y: 0, z: 0}
--- !u!1 &7991046339330217386
GameObject:
  m_ObjectHideFlags: 0
  m_CorrespondingSourceObject: {fileID: 0}
  m_PrefabInstance: {fileID: 0}
  m_PrefabAsset: {fileID: 0}
  serializedVersion: 6
  m_Component:
  - component: {fileID: 6366958353709707863}
  m_Layer: 0
  m_Name: DSaddle_joint_tail_1
  m_TagString: Untagged
  m_Icon: {fileID: 0}
  m_NavMeshLayer: 0
  m_StaticEditorFlags: 0
  m_IsActive: 1
--- !u!4 &6366958353709707863
Transform:
  m_ObjectHideFlags: 0
  m_CorrespondingSourceObject: {fileID: 0}
  m_PrefabInstance: {fileID: 0}
  m_PrefabAsset: {fileID: 0}
  m_GameObject: {fileID: 7991046339330217386}
  serializedVersion: 2
  m_LocalRotation: {x: 0.01281535, y: 0.26613206, z: -0.21810092, w: 0.9388512}
  m_LocalPosition: {x: -0.0062691313, y: 0.065546386, z: 0.0047887717}
  m_LocalScale: {x: 1, y: 1, z: 1}
  m_ConstrainProportionsScale: 0
  m_Children:
  - {fileID: 5280349662988894591}
  m_Father: {fileID: 981320238224037473}
  m_LocalEulerAnglesHint: {x: 0, y: 0, z: 0}
--- !u!1 &8127908641693023861
GameObject:
  m_ObjectHideFlags: 0
  m_CorrespondingSourceObject: {fileID: 0}
  m_PrefabInstance: {fileID: 0}
  m_PrefabAsset: {fileID: 0}
  serializedVersion: 6
  m_Component:
  - component: {fileID: 567332410756011089}
  m_Layer: 0
  m_Name: DSaddle_fin_l_btm__loot
  m_TagString: Untagged
  m_Icon: {fileID: 0}
  m_NavMeshLayer: 0
  m_StaticEditorFlags: 0
  m_IsActive: 1
--- !u!4 &567332410756011089
Transform:
  m_ObjectHideFlags: 0
  m_CorrespondingSourceObject: {fileID: 0}
  m_PrefabInstance: {fileID: 0}
  m_PrefabAsset: {fileID: 0}
  m_GameObject: {fileID: 8127908641693023861}
  serializedVersion: 2
  m_LocalRotation: {x: 0.13064288, y: -0.26984045, z: 0.9399638, w: -0.16305423}
  m_LocalPosition: {x: -0.008410989, y: -0.25937757, z: 0.009352801}
  m_LocalScale: {x: 1, y: 1, z: 1}
  m_ConstrainProportionsScale: 0
  m_Children:
  - {fileID: 3010931978711596250}
  m_Father: {fileID: 3496401860503248068}
  m_LocalEulerAnglesHint: {x: 0, y: 0, z: 0}
--- !u!1 &8192547842408086691
GameObject:
  m_ObjectHideFlags: 0
  m_CorrespondingSourceObject: {fileID: 0}
  m_PrefabInstance: {fileID: 0}
  m_PrefabAsset: {fileID: 0}
  serializedVersion: 6
  m_Component:
  - component: {fileID: 4394143878500420010}
  m_Layer: 0
  m_Name: DSaddle_joint44
  m_TagString: Untagged
  m_Icon: {fileID: 0}
  m_NavMeshLayer: 0
  m_StaticEditorFlags: 0
  m_IsActive: 1
--- !u!4 &4394143878500420010
Transform:
  m_ObjectHideFlags: 0
  m_CorrespondingSourceObject: {fileID: 0}
  m_PrefabInstance: {fileID: 0}
  m_PrefabAsset: {fileID: 0}
  m_GameObject: {fileID: 8192547842408086691}
  serializedVersion: 2
  m_LocalRotation: {x: 0, y: -0, z: -0, w: 1}
  m_LocalPosition: {x: -0.18944485, y: 0.031010706, z: 0}
  m_LocalScale: {x: 1, y: 1, z: 1}
  m_ConstrainProportionsScale: 0
  m_Children: []
  m_Father: {fileID: 211065925375288109}
  m_LocalEulerAnglesHint: {x: 0, y: 0, z: 0}
--- !u!1 &8401312226306112126
GameObject:
  m_ObjectHideFlags: 0
  m_CorrespondingSourceObject: {fileID: 0}
  m_PrefabInstance: {fileID: 0}
  m_PrefabAsset: {fileID: 0}
  serializedVersion: 6
  m_Component:
  - component: {fileID: 4537910027304730890}
  m_Layer: 0
  m_Name: DSaddle_joint23
  m_TagString: Untagged
  m_Icon: {fileID: 0}
  m_NavMeshLayer: 0
  m_StaticEditorFlags: 0
  m_IsActive: 1
--- !u!4 &4537910027304730890
Transform:
  m_ObjectHideFlags: 0
  m_CorrespondingSourceObject: {fileID: 0}
  m_PrefabInstance: {fileID: 0}
  m_PrefabAsset: {fileID: 0}
  m_GameObject: {fileID: 8401312226306112126}
  serializedVersion: 2
  m_LocalRotation: {x: 0.09840185, y: -0.7002265, z: 0.09840185, w: 0.7002265}
  m_LocalPosition: {x: -0.4063916, y: 0.0050116465, z: 0}
  m_LocalScale: {x: 1, y: 1, z: 1}
  m_ConstrainProportionsScale: 0
  m_Children: []
  m_Father: {fileID: 1469107428992676607}
  m_LocalEulerAnglesHint: {x: 0, y: 0, z: 0}
--- !u!1 &8539107812202491463
GameObject:
  m_ObjectHideFlags: 0
  m_CorrespondingSourceObject: {fileID: 0}
  m_PrefabInstance: {fileID: 0}
  m_PrefabAsset: {fileID: 0}
  serializedVersion: 6
  m_Component:
  - component: {fileID: 4656158841500375724}
  m_Layer: 0
  m_Name: DSaddle_joint_tail_6
  m_TagString: Untagged
  m_Icon: {fileID: 0}
  m_NavMeshLayer: 0
  m_StaticEditorFlags: 0
  m_IsActive: 1
--- !u!4 &4656158841500375724
Transform:
  m_ObjectHideFlags: 0
  m_CorrespondingSourceObject: {fileID: 0}
  m_PrefabInstance: {fileID: 0}
  m_PrefabAsset: {fileID: 0}
  m_GameObject: {fileID: 8539107812202491463}
  serializedVersion: 2
  m_LocalRotation: {x: 0.07479726, y: 0.023063647, z: 0.1936313, w: 0.97794706}
  m_LocalPosition: {x: -0.021034032, y: -0.023623547, z: 0.0055228164}
  m_LocalScale: {x: 1, y: 1, z: 1}
  m_ConstrainProportionsScale: 0
  m_Children:
  - {fileID: 5523819206072649358}
  m_Father: {fileID: 981320238224037473}
  m_LocalEulerAnglesHint: {x: 0, y: 0, z: 0}
--- !u!1 &8906308964944473202
GameObject:
  m_ObjectHideFlags: 0
  m_CorrespondingSourceObject: {fileID: 0}
  m_PrefabInstance: {fileID: 0}
  m_PrefabAsset: {fileID: 0}
  serializedVersion: 6
  m_Component:
  - component: {fileID: 5523819206072649358}
  m_Layer: 0
  m_Name: DSaddle_joint19
  m_TagString: Untagged
  m_Icon: {fileID: 0}
  m_NavMeshLayer: 0
  m_StaticEditorFlags: 0
  m_IsActive: 1
--- !u!4 &5523819206072649358
Transform:
  m_ObjectHideFlags: 0
  m_CorrespondingSourceObject: {fileID: 0}
  m_PrefabInstance: {fileID: 0}
  m_PrefabAsset: {fileID: 0}
  m_GameObject: {fileID: 8906308964944473202}
  serializedVersion: 2
  m_LocalRotation: {x: 0, y: -0, z: -0, w: 1}
  m_LocalPosition: {x: -0.19472404, y: 0.014282399, z: 0}
  m_LocalScale: {x: 1, y: 1, z: 1}
  m_ConstrainProportionsScale: 0
  m_Children: []
  m_Father: {fileID: 4656158841500375724}
  m_LocalEulerAnglesHint: {x: 0, y: 0, z: 0}
--- !u!1 &8956916592828463421
GameObject:
  m_ObjectHideFlags: 0
  m_CorrespondingSourceObject: {fileID: 0}
  m_PrefabInstance: {fileID: 0}
  m_PrefabAsset: {fileID: 0}
  serializedVersion: 6
  m_Component:
  - component: {fileID: 1328161069899341153}
  m_Layer: 0
  m_Name: DSaddle_fin_l_side__loot
  m_TagString: Untagged
  m_Icon: {fileID: 0}
  m_NavMeshLayer: 0
  m_StaticEditorFlags: 0
  m_IsActive: 1
--- !u!4 &1328161069899341153
Transform:
  m_ObjectHideFlags: 0
  m_CorrespondingSourceObject: {fileID: 0}
  m_PrefabInstance: {fileID: 0}
  m_PrefabAsset: {fileID: 0}
  m_GameObject: {fileID: 8956916592828463421}
  serializedVersion: 2
  m_LocalRotation: {x: 0.81915206, y: -1.0268818e-16, z: 0.57357645, w: 4.633673e-17}
  m_LocalPosition: {x: -0.02587938, y: -0.09897416, z: 0.07564408}
  m_LocalScale: {x: 1, y: 1, z: 1}
  m_ConstrainProportionsScale: 0
  m_Children:
  - {fileID: 8982110394030143088}
  - {fileID: 1519924188342567549}
  - {fileID: 3567323340540234596}
  - {fileID: 7840762984846986399}
  m_Father: {fileID: 3496401860503248068}
  m_LocalEulerAnglesHint: {x: 0, y: 0, z: 0}
--- !u!1 &8973613978209228399
GameObject:
  m_ObjectHideFlags: 0
  m_CorrespondingSourceObject: {fileID: 0}
  m_PrefabInstance: {fileID: 0}
  m_PrefabAsset: {fileID: 0}
  serializedVersion: 6
  m_Component:
  - component: {fileID: 6468886871949734105}
  m_Layer: 0
  m_Name: DSaddle_fin_r_side__6
  m_TagString: Untagged
  m_Icon: {fileID: 0}
  m_NavMeshLayer: 0
  m_StaticEditorFlags: 0
  m_IsActive: 1
--- !u!4 &6468886871949734105
Transform:
  m_ObjectHideFlags: 0
  m_CorrespondingSourceObject: {fileID: 0}
  m_PrefabInstance: {fileID: 0}
  m_PrefabAsset: {fileID: 0}
  m_GameObject: {fileID: 8973613978209228399}
  serializedVersion: 2
  m_LocalRotation: {x: 0.12319451, y: 0.66896534, z: 0.11381043, w: 0.7241241}
  m_LocalPosition: {x: -0.024657998, y: -0.041450907, z: 0.01526201}
  m_LocalScale: {x: 1, y: 1, z: 1}
  m_ConstrainProportionsScale: 0
  m_Children:
  - {fileID: 2034249017107474258}
  m_Father: {fileID: 2702889418373173630}
  m_LocalEulerAnglesHint: {x: 0, y: 0, z: 0}
--- !u!1001 &857062629412686565
PrefabInstance:
  m_ObjectHideFlags: 0
  serializedVersion: 2
  m_Modification:
    serializedVersion: 3
    m_TransformParent: {fileID: 0}
    m_Modifications:
    - target: {fileID: 7359786026640925233, guid: 1d123e31fbace1c4f8899e04d171053d, type: 3}
      propertyPath: m_LocalPosition.x
      value: 0
      objectReference: {fileID: 0}
    - target: {fileID: 7359786026640925233, guid: 1d123e31fbace1c4f8899e04d171053d, type: 3}
      propertyPath: m_LocalPosition.y
      value: 0
      objectReference: {fileID: 0}
    - target: {fileID: 7359786026640925233, guid: 1d123e31fbace1c4f8899e04d171053d, type: 3}
      propertyPath: m_LocalPosition.z
      value: 0
      objectReference: {fileID: 0}
    - target: {fileID: 7359786026640925233, guid: 1d123e31fbace1c4f8899e04d171053d, type: 3}
      propertyPath: m_LocalRotation.w
      value: 1
      objectReference: {fileID: 0}
    - target: {fileID: 7359786026640925233, guid: 1d123e31fbace1c4f8899e04d171053d, type: 3}
      propertyPath: m_LocalRotation.x
      value: 0
      objectReference: {fileID: 0}
    - target: {fileID: 7359786026640925233, guid: 1d123e31fbace1c4f8899e04d171053d, type: 3}
      propertyPath: m_LocalRotation.y
      value: 0
      objectReference: {fileID: 0}
    - target: {fileID: 7359786026640925233, guid: 1d123e31fbace1c4f8899e04d171053d, type: 3}
      propertyPath: m_LocalRotation.z
      value: 0
      objectReference: {fileID: 0}
    - target: {fileID: 7359786026640925233, guid: 1d123e31fbace1c4f8899e04d171053d, type: 3}
      propertyPath: m_LocalEulerAnglesHint.x
      value: 0
      objectReference: {fileID: 0}
    - target: {fileID: 7359786026640925233, guid: 1d123e31fbace1c4f8899e04d171053d, type: 3}
      propertyPath: m_LocalEulerAnglesHint.y
      value: 0
      objectReference: {fileID: 0}
    - target: {fileID: 7359786026640925233, guid: 1d123e31fbace1c4f8899e04d171053d, type: 3}
      propertyPath: m_LocalEulerAnglesHint.z
      value: 0
      objectReference: {fileID: 0}
    - target: {fileID: 7883804899318741131, guid: 1d123e31fbace1c4f8899e04d171053d, type: 3}
      propertyPath: m_Name
      value: Fish - Angelfish Variant
      objectReference: {fileID: 0}
    m_RemovedComponents: []
    m_RemovedGameObjects:
    - {fileID: 6240652154994055266, guid: 1d123e31fbace1c4f8899e04d171053d, type: 3}
    m_AddedGameObjects:
    - targetCorrespondingSourceObject: {fileID: 7359786026640925233, guid: 1d123e31fbace1c4f8899e04d171053d, type: 3}
      insertIndex: 0
      addedObject: {fileID: 516180370093891484}
    m_AddedComponents: []
  m_SourcePrefab: {fileID: 100100000, guid: 1d123e31fbace1c4f8899e04d171053d, type: 3}
--- !u!4 &7910523877685930196 stripped
Transform:
  m_CorrespondingSourceObject: {fileID: 7359786026640925233, guid: 1d123e31fbace1c4f8899e04d171053d, type: 3}
  m_PrefabInstance: {fileID: 857062629412686565}
  m_PrefabAsset: {fileID: 0}
